 Dungeon Crawl Stone Soup version 0.23.1 (webtiles) character file.

Game seed: 14233554830604379204

76 Fang the Skirmisher (level 4, 0/43 HPs)
             Began as a Gargoyle Berserker on Mar 6, 2019.
             Was a Believer of Trog.
             Slain by an orc warrior
             ... wielding a +0 battleaxe
              (21 damage)
             ... on level 6 of the Dungeon.
             The game lasted 00:02:50 (1463 turns).

Fang the Skirmisher (Gargoyle Berserker)            Turns: 1463, Time: 00:02:50

Health: 0/43       AC:  5    Str: 27    XL:     4   Next: 32%
Magic:  4/4        EV: 12    Int:  7    God:    Trog [**....]
Gold:   139        SH:  0    Dex:  9    Spells: 3/3 levels left

rFire    . . .     SeeInvis .   a - +1 hand axe
rCold    . . .     Gourm    .   (no shield)
rNeg     + . .     Faith    +   b - +0 animal skin
rPois    ∞         Spirit   .   (no helmet)
rElec    +         Reflect  .   (no cloak)
rCorr    .         Harm     .   (no gloves)
MR       .....                  (no boots)
Stlth    ..........             r - amulet of faith (curse)
HPRegen  0.14/turn              (no ring)
MPRegen  0.09/turn              (no ring)

@: berserking, very quick
A: negative energy resistance 1, electricity resistance, unbreathing,
petrification resistance, rot immunity, AC +3
a: Berserk, Trog's Hand, Renounce Religion


You were on level 6 of the Dungeon.
You worshipped Trog.
Trog was pleased with you.
You were hungry.

You visited 1 branch of the dungeon, and saw 4 of its levels.

You collected 139 gold pieces.

Inventory:

Hand Weapons
 a - a +1 hand axe (weapon)
Armour
 b - a +0 animal skin (worn)
Jewellery
 r - a cursed amulet of faith (around neck)
Wands
 o - a wand of polymorph (7)
Scrolls
 e - a scroll of teleportation
 g - 2 scrolls of identify
 j - a scroll of magic mapping
Potions
 d - a potion of mutation {unknown}
 h - a potion of lignification
 k - a potion of ambrosia {unknown}
 l - a potion of haste {unknown}
 m - 2 potions of resistance {unknown}
 n - a potion of berserk rage {unknown}
Comestibles
 c - 2 rations
 f - 7 chunks of flesh


   Skills:
 + Level 4.0 Fighting
 + Level 3.2 Axes
 + Level 3.1 Armour
 + Level 2.2 Dodging


You had 3 spell levels left.
You didn't know any spells.
Your spell library was empty.

Dungeon Overview and Level Annotations

Branches:
Dungeon (3/15)

Altars:
Okawaru


Innate Abilities, Weirdness & Mutations

You are resistant to torment.
Your stone body is resilient. (AC +3)
You are immune to poison.
You resist negative energy. (rN+)
You are resistant to electric shocks. (rElec)
You can survive without breathing.
You are immune to petrification.
You are immune to rotting.


Message History

The orc wizard mumbles some strange words.
The orc wizard blinks!
You slash something! Trog accepts your kill.
Trog appreciates your killing of a magic user.
Reactivating autopickup.
Your Fighting skill increases to level 4!
Your Armour skill increases to level 3!
You have reached level 4!
You feel stronger.
You feel a bit more experienced.
You hit the orc warrior. You closely miss the orc warrior.
You barely miss the orc priest.
The orc warrior hits you with a +0 war axe!
The orc priest closely misses you.
You closely miss the orc wizard.
The orc wizard is heavily wounded.
You hit the orc priest. You barely miss the orc warrior.
You hit the orc warrior.
The orc warrior hits you with a +0 battleaxe!!
You die...

### ..# #.#
#.# #.# #.#
##.## #o@.#
#.<..ooo.#
###..!o/..#
#.......#
#.o.o...#
#....o.##
......##
##.....#


You could see 2 orc warriors, 2 orc priests, 3 orc wizards and an orc.

Vanquished Creatures
  An orc wizard (D:6)
  An ooze (D:1)
  A worm (D:2)
  3 dart slugs
  2 giant cockroaches
  12 goblins
  6 hobgoblins
  A quokka (D:2)
  3 bats
  3 frilled lizards
  3 kobolds (D:1)
  A rat (D:1)
37 creatures vanquished.

Notes
Turn   | Place    | Note
-------+----------+-------------------------------------------
     0 | D:1      | Fang the Gargoyle Berserker began the quest for the Orb.
     0 | D:1      | Reached XP level 1. HP: 14/14 MP: 1/1
   316 | D:1      | Reached XP level 2. HP: 15/19 MP: 2/2
   939 | D:2      | Reached XP level 3. HP: 22/23 MP: 3/3
   940 | D:2      | Found an iron altar of Okawaru.
  1157 | D:2      | Found a faded altar of an unknown god.
  1201 | D:2      | Reached ** piety under Trog
  1451 | D:3      | You fall through a shaft for 3 floors!
  1453 | D:6      | Noticed an orc warrior
  1454 | D:6      | Noticed an orc warrior
  1462 | D:6      | Reached skill level 4 in Fighting
  1462 | D:6      | Reached XP level 4. HP: 29/29 MP: 4/4
  1463 | D:6      | Slain by an orc warrior

Skill      XL: |  1  2  3 |
---------------+----------+-----
Axes           | 3 |  3.2
Dodging        | 2 |  2.2
Fighting       | 4 |  4.0
Armour         | 3 |  3.1

Action                   |  1- 3 |  4- 6 || total
-------------------------+-------+-------++-------
Melee: Hand axe          |   118 |     1 ||   119
Invok: Berserk           |     1 |       ||     1
  Use: Scroll            |     6 |       ||     6
 Stab: Sleeping          |     1 |       ||     1
  Eat: Chunk             |     2 |       ||     2
Armor: Animal skin       |    40 |       ||    40
Dodge: Dodged            |    73 |     1 ||    74
